 Dungeon Crawl Stone Soup version 0.21.1-1-g345015f (webtiles) character file.

109 kaesh the Skirmisher (level 4, -4/38 HPs)
             Began as a Barachi Fighter on Feb 25, 2018.
             Killed themself with a badly aimed iceblast (8 damage)
             ... in a sewer.
             The game lasted 00:06:22 (1474 turns).

kaesh the Skirmisher (Barachi Fighter)              Turns: 1474, Time: 00:06:22

Health: -4/38      AC:  8    Str: 17 (18) XL:     4   Next: 89%
Magic:  4/4        EV:  7    Int:  8 (9)  God:
Gold:   140        SH:  9    Dex:  9 (11) Spells: 3/3 levels left

rFire    . . .     SeeInvis .   a - +1 long sword
rCold    . . .     Gourm    .   c - +0 shield
rNeg     . . .     Faith    .   b - +0 scale mail
rPois    .         Spirit   .   e - +0 helmet
rElec    .         Reflect  .   (no cloak)
rCorr    .         Harm     .   (no gloves)
MR       .....                  (no boots)
Stlth    ..........             (no amulet)
HPRegen  0.12/turn              (no ring)
MPRegen  0.09/turn              (no ring)

@: slow
A: +LOS, swims, slowness 1, strong legs 1
a: Hop


You were in a sewer.
You were not hungry.

You visited 1 branch of the dungeon, and saw 3 of its levels.
You also visited: Sewer.

You collected 140 gold pieces.

Inventory:

Hand Weapons
 a - a +1 long sword (weapon)
Armour
 b - a +0 scale mail (worn)
 c - a +0 shield (worn)
 e - a +0 helmet (worn)
Jewellery
 m - a cursed amulet of inaccuracy {unknown}
Wands
 i - a wand of iceblast (4)
Scrolls
 h - a scroll of immolation {unknown}
 j - 2 scrolls of identify
 k - 2 scrolls of teleportation
 l - a scroll of magic mapping
Potions
 d - 2 potions of might
 g - a potion of degeneration
Comestibles
 f - 5 rations


   Skills:
 + Level 4.5 Fighting
 + Level 3.6 Long Blades
 + Level 4.4 Armour
 + Level 4.1 Shields


You had 3 spell levels left.
You didn't know any spells.

Dungeon Overview and Level Annotations

Branches:
Dungeon (3/15)

Altars:
Dithmenos
Qazlal

Annotations:
Sewer Purgy


Innate Abilities, Weirdness & Mutations

Shadows flee at your approach. (+LOS)
You can swim through water.
You cover ground slowly.
You can hop short distances.


Message History

Purgy bites you but does no damage. Purgy claws you. x2
You closely miss Purgy.
Purgy is lightly wounded.
Purgy bites you.
* * * LOW HITPOINT WARNING * * *
Purgy claws you.
* * * LOW HITPOINT WARNING * * *
Purgy claws you but does no damage. You block Purgy's attack. Purgy claws you.
* * * LOW HITPOINT WARNING * * *
Purgy claws you but does no damage.
You don't know any spells.
Evoke which item? (* to show all) (? for menu, Esc to quit)
Aiming: Iceblast
Press: ? - help, Shift-Dir - straight line, f - Purgy
Aim: Purgy (lightly wounded) That beam is likely to hit you.
Continue anyway?
The mass of ice explodes!
The iceblast engulfs Purgy.
Purgy is heavily wounded.
The iceblast engulfs you!
You die...

#...#
##≈..##
#.....#
#...≈.##
#.≈.#≈..#
#≈≈###≈.##
#..≈ #≈≈.#
#≈≈# ##≈.#
#.≈ #@.#
#. #T.#
##..#
#.≈.#
##..##
#...#
#..≈..##
#≈≈≈≈.#
##..≈##


You could see Purgy.

Vanquished Creatures
  Ijyb (D:2)
  2 worms (D:2)
  3 dart slugs
  3 leopard geckos
  3 giant cockroaches (D:3)
  17 goblins
  7 hobgoblins
  5 jackals
  A quokka (D:2)
  3 bats
  2 frilled lizards (D:2)
  9 kobolds
  7 rats
63 creatures vanquished.

Notes
Turn   | Place    | Note
-------+----------+-------------------------------------------
     0 | D:1      | kaesh the Barachi Fighter began the quest for the Orb.
     0 | D:1      | Reached XP level 1. HP: 18/18 MP: 1/1
    93 | D:1      | Reached XP level 2. HP: 24/25 MP: 2/2
   680 | D:2      | Reached XP level 3. HP: 29/30 MP: 3/3
   710 | D:2      | Found a shadowy altar of Dithmenos.
   882 | D:2      | Noticed Ijyb
   895 | D:2      | Killed Ijyb
   895 | D:2      | Reached XP level 4. HP: 27/38 MP: 4/4
  1330 | D:3      | Found a stormy altar of Qazlal.
  1330 | D:3      | Found a glowing drain.
  1354 | Sewer    | Entered a sewer
  1455 | Sewer    | Noticed Purgy
  1474 | Sewer    | Killed themself with a badly aimed iceblast

Skill      XL: |  1  2  3  4 |
---------------+-------------+-----
Fighting       | 4 |  4.5
Armour         | 4 |  4.4
Long Blades    | 3 |  3.6
Shields        | 4 |  4.1

Action                   |  1- 3 |  4- 6 || total
-------------------------+-------+-------++-------
Melee: Long sword        |   110 |   104 ||   214
  Use: Scroll            |     7 |       ||     7
       Potion            |     5 |     1 ||     6
  Eat: Chunk             |       |     3 ||     3
Armor: Scale mail        |    53 |    62 ||   115
Dodge: Dodged            |    35 |    18 ||    53
Block: Shield            |    56 |    64 ||   120
       Rpst.: Long sword |    10 |     4 ||    14
